Phantoms vs Heat (R1)

Created - December 20, 2021 at 19:05

Goals
1 2 3 T
Phantoms 1 0 5 6
Heat 1 2 2 5
Shots
1 2 3 T
Phantoms 5 12 10 27
Heat 16 8 10 34

1st period

1. Phantoms , Travis Konecny 6 (Calle Jarnkrok 4, Michael Bournival 6) at 3:26
2. Heat , Jake DeBrusk 3 (Philip Varone 4) at 3:41

Penalties :
Jake Dotchin (Leh) for Hooking (Minor) at 3:44, Tyler Shattock (Sto) for Slashing (Minor) at 7:06, Frank Corrado (Sto) for Hooking (Minor) at 11:29, Nick Shore (Leh) for Holding (Minor) at 14:47

2nd period

3. Heat , Kevin Labanc 2 (Matthew Nieto 5, Victor Rask 7) at 0:10
4. Heat , Matthew Nieto 6 (Kevin Labanc 10, Victor Rask 8) at 16:53 (PP)

Penalties :
Jake Dotchin (Leh) for Interference (Minor) at 1:08, Victor Rask (Sto) for Hooking (Minor) at 4:18, Nick Shore (Leh) for Hooking (Minor) at 15:50, Anthony Angello (Leh) for Hooking (Minor) at 16:50

3rd period

5. Phantoms , Travis Konecny 7 (Michael Bournival 7, Calle Jarnkrok 5) at 0:10
6. Heat , Kevin Labanc 3 (Matthew Nieto 6, Victor Rask 9) at 1:12 (PP)
7. Phantoms , Nick Shore 4 (Alex DeBrincat 4, Rinat Valiev 2) at 3:42
8. Phantoms , Cristoval Nieves 3 (Jake Dotchin 3, Ivan Provorov 2) at 17:46
9. Phantoms , Travis Konecny 8 (Erik Nystrom 1, Lucas Wallmarkk 1) at 18:11
10. Phantoms , Travis Konecny 9 (Ivan Provorov 3) at 19:03 (Empty Net)
11. Heat , Mathieu Brodeur 1 (Unassisted) at 19:31

Penalties :
Ivan Provorov (Leh) for Holding (Minor) at 1:00, Blake Heinrich (Leh) for Roughing (Double Minor) at 6:26, Barclay Goodrow (Sto) for Cross-checking (Minor) at 13:56, Victor Rask (Sto) for Roughing (Minor) at 19:45

Goalie Stats

Anton Forsberg (Leh), 29 saves from 34 shots - (0.853), W, 2-3-0, 60:00 minutes
Michael Hutchinson (Sto), 21 saves from 26 shots - (0.808), L, 4-1-0, 59:42 minutes

Players Stats for Phantoms

Player Name              G  A  P  +/- PIM S  H  SB GA TA FO     MP     PP MP  PK MP  
------------------------------------------------------------------------------------
Alex DeBrincat           0  1  1   1  0   3  1  0  0  0  1/1    19:22   3:18   4:51 
Anthony Angello          0  0  0   0  2   0  0  0  0  0  0/3     2:58   0:00   2:31 
Blake Heinrich           0  0  0   0  4   0  0  2  0  1  0/0    19:14   2:57   3:52 
Brendan Leipsic          0  0  0   0  0   0  0  0  0  0  0/0     3:11   0:14   2:02 
Brenden Kichton          0  0  0   0  0   0  0  0  0  0  0/0     0:58   0:00   0:58 
Calle Jarnkrok           0  2  2   2  0   2  2  0  0  0  17/37  21:45   4:52   6:43 
Cristoval Nieves         1  0  1   1  0   2  1  0  0  0  3/5    10:40   0:00   0:16 
David Kampf              0  0  0   0  0   0  0  0  0  0  0/0     0:00   0:00   0:00 
Devon Teows              0  0  0   0  0   0  2  4  1  2  0/0    20:49   2:57   6:01 
Erik Nystrom             0  1  1  -1  0   0  0  0  0  0  0/1     6:24   0:00   0:15 
Ivan Provorov            0  2  2   1  2   1  1  1  0  2  0/0    29:52   5:13   7:07 
Jake Dotchin             0  1  1   1  4   0  1  1  2  0  0/0    26:33   5:13   4:30 
JC Lipon                 0  0  0   0  0   0  0  0  0  0  0/0     1:24   0:14   0:00 
Laurent Dauphin          0  0  0   0  0   0  0  0  0  0  0/0     0:00   0:00   0:00 
Lucas Wallmarkk          0  1  1  -1  0   0  0  0  0  0  4/10    6:09   0:00   0:00 
Mark Alt                 0  0  0   0  0   0  0  0  0  1  0/0     0:31   0:00   0:31 
Michael Bournival        0  2  2   2  0   4  0  0  1  0  1/2    21:20   4:38   6:40 
Mikko Lehtonen           0  0  0   2  0   0  0  1  0  0  0/0     9:19   0:00   0:00 
Morgan Klimchuk          0  0  0   1  0   0  3  1  0  0  0/0    10:54   0:00   0:00 
Nick Shore               1  0  1   1  4   3  4  0  0  0  4/7    17:21   3:18   2:52 
Nick Sorensen            0  0  0   1  0   2  0  0  1  0  0/0    10:34   0:00   0:00 
Reid McNeill             0  0  0   0  0   0  0  0  0  0  0/0     0:00   0:00   0:00 
Rinat Valiev             0  1  1   2  0   0  1  2  0  0  0/0    13:27   0:00   3:15 
Sven Andrighetto         0  0  0   1  0   0  2  0  0  0  0/0    13:39   3:18   0:00 
Travis Konecny           4  0  4   1  0   10 2  0  1  0  0/1    20:19   4:38   0:00 

Players Stats for Heat

Player Name              G  A  P  +/- PIM S  H  SB GA TA FO     MP     PP MP  PK MP  
------------------------------------------------------------------------------------
Barclay Goodrow          0  0  0   0  2   1  4  0  1  0  1/1    12:02   0:38   0:00 
Evgeny Svechnikov        0  0  0   1  0   2  2  0  1  1  0/1    14:30   6:04   0:00 
Frank Corrado            0  0  0   0  2   1  0  0  0  1  0/0    19:35   5:12   2:00 
Greg Pateryn             0  0  0  -1  0   0  2  1  0  0  0/0    29:28   7:04   5:22 
Jake DeBrusk             1  0  1   1  0   3  2  0  0  2  0/0    17:16   6:04   3:05 
Jesper Bratt             0  0  0  -1  0   2  0  0  0  0  0/0     6:56   0:00   0:00 
John Gilmour             0  0  0  -2  0   0  0  0  0  0  0/0    10:37   0:52   0:00 
Kevin Labanc             2  1  3  -3  0   6  1  1  0  1  0/0    22:08   6:09   4:44 
Mathieu Brodeur          1  0  1  -2  0   1  2  1  0  0  0/0    28:49   7:04   5:16 
Matthew Nieto            1  2  3  -3  0   5  1  0  0  0  3/5    18:10   6:10   0:16 
Nico Sturm               0  0  0  -1  0   1  1  1  0  0  1/3    10:38   0:49   2:34 
Peter Cehlarik           0  0  0   0  0   0  1  0  0  0  0/0    13:01   0:25   0:58 
Petteri Lindbohm         0  0  0  -2  0   0  0  1  0  0  0/0    11:24   0:51   0:48 
Philip Varone            0  1  1   1  0   3  2  0  2  1  9/21   19:09   6:04   4:40 
Rasmus Andersson         0  0  0   0  0   3  0  1  0  0  0/0    20:33   5:11   2:54 
Ryan Spooner             0  0  0   0  0   3  1  0  0  0  5/10   12:58   0:49   0:03 
Tyler Shattock           0  0  0  -1  2   2  1  0  0  0  0/0     6:59   0:00   0:00 
Victor Rask              0  3  3  -3  4   1  0  0  2  0  18/26  17:31   6:09   0:00 

3 Stars

1 - Travis Konecny (Leh)
2 - Calle Jarnkrok (Leh)
3 - Kevin Labanc (Sto)

Power Play

Phantoms - 0 on 5 Attempt(s) - 0.00%
Heat - 2 on 8 Attempt(s) - 25.00%

Penalty Kill

Phantoms - 6 on 8 Attempt(s) - 75.00% - Score 0 goal in Penalty Kill
Heat - 5 on 5 Attempt(s) - 100.00% - Score 0 goal in Penalty Kill

Team Stat

Phantoms - Hits : 20 - Faceoff Wins : 30 - Blocked Shots : 12 - Penalty Minutes : 16
Heat - Hits : 20 - Faceoff Wins : 37 - Blocked Shots : 6 - Penalty Minutes : 10

Official

Referees : Mitch Dunning and Pierre Lambert
Linesman : Ryan Galloway and Vaughan Rody

Game Notes

Travis Konecny has scored a Hat Trick!
Travis Konecny has scored in a empty net!
19:31 of 3rd period - Penalty Shot by Mathieu Brodeur for Heat - Goal!

Finance

Level 1 -- Attendance: 1850 (92.50%) -- Ticket Income $64,750
Level 2 -- Attendance: 992 (99.20%) -- Ticket Income $14,880
Total Attendance: 2842 (94.73%)
Total Ticket Income: $79,630
Other Income: $3,982
Total Income: $83,612

Phantoms

5 vs 5 Forward 
   Center                   Left Wing                Right Wing               Time % Phy DF OF 
 1 Calle Jarnkrok           Michael Bournival        Travis Konecny           40     1   2  2  
 2 Nick Shore               Alex DeBrincat           Sven Andrighetto         35     1   2  2  
 3 Cristoval Nieves         Morgan Klimchuk          Nick Sorensen            15     1   2  2  
 4 Lucas Wallmarkk          Erik Nystrom             Travis Konecny           10     1   2  2  

5 vs 5 Defense 
   Defense                  Defense                                           Time % Phy DF OF 
 1 Jake Dotchin             Ivan Provorov                                     40     1   2  2  
 2 Blake Heinrich           Devon Teows                                       30     1   2  2  
 3 Rinat Valiev             Mikko Lehtonen                                    20     1   2  2  
 4 Jake Dotchin             Ivan Provorov                                     10     1   2  2  

PowerPlay Forward 
   Center                   Left Wing                Right Wing               Time % Phy DF OF 
 1 Calle Jarnkrok           Michael Bournival        Travis Konecny           60     1   2  2  
 2 Nick Shore               Alex DeBrincat           Sven Andrighetto         40     1   2  2  

PowerPlay Defense
   Defense                  Defense                                           Time % Phy DF OF 
 1 Jake Dotchin             Ivan Provorov                                     60     1   2  2  
 2 Blake Heinrich           Devon Teows                                       40     1   2  2  

Penalty Kill 4 Players Forward 
   Center                   Wing                     Time % Phy DF OF 
 1 Calle Jarnkrok           Michael Bournival        60     1   2  2  
 2 Nick Shore               Alex DeBrincat           40     1   2  2  

Penalty Kill 4 Players Defense
   Defense                  Defense                  Time % Phy DF OF 
 1 Jake Dotchin             Ivan Provorov            60     1   2  2  
 2 Blake Heinrich           Devon Teows              40     1   2  2  

Penalty Kill - 3 Players Forward 
   Forward                                           Time % Phy DF OF 
 1 Calle Jarnkrok                                    60     1   2  2  
 2 Nick Shore                                        40     1   2  2  

Penalty Kill - 3 Players Defense
   Defense                  Defense                  Time % Phy DF OF 
 1 Jake Dotchin             Ivan Provorov            60     1   2  2  
 2 Blake Heinrich           Devon Teows              40     1   2  2  

4 vs 4 Forward 
   Center                   Wing                     Time % Phy DF OF 
 1 Calle Jarnkrok           Michael Bournival        60     1   2  2  
 2 Nick Shore               Alex DeBrincat           40     1   2  2  

4 vs 4 Defense
   Defense                  Defense                  Time % Phy DF OF 
 1 Jake Dotchin             Ivan Provorov            60     1   2  2  
 2 Blake Heinrich           Devon Teows              40     1   2  2  

Last Minutes Offensive
   Center                   Left Wing                Right Wing               Defense                  Defense                  
   Calle Jarnkrok           Michael Bournival        Travis Konecny           Jake Dotchin             Ivan Provorov            

Last Minutes Defensive
   Center                   Left Wing                Right Wing               Defense                  Defense                  
   Calle Jarnkrok           Michael Bournival        Travis Konecny           Jake Dotchin             Ivan Provorov            

Goaltenders
Starting : Anton Forsberg           
Backup : Zachary Fucale           

Extra Forwards
Normal : Alex DeBrincat, Nick Shore, Morgan Klimchuk - PP : Alex DeBrincat, Nick Shore - PK : Alex DeBrincat
Extra Defensemen
Normal : Devon Teows, Rinat Valiev, Mikko Lehtonen - PP : Devon Teows - PK : Devon Teows, Rinat Valiev
Penalty Shots
Michael Bournival, Calle Jarnkrok, Travis Konecny, Sven Andrighetto, Alex DeBrincat

Scratches
A.J. Greer (Healthy), Cooper Marody (Healthy), Brett Murray (Healthy), Matt Kiersted (Healthy), Riley Stillman (Healthy)
Jason Kasdorf (Healthy)

Heat

5 vs 5 Forward 
   Center                   Left Wing                Right Wing               Time % Phy DF OF 
 1 Victor Rask              Matthew Nieto            Kevin Labanc             40     1   2  2  
 2 Philip Varone            Jake DeBrusk             Evgeny Svechnikov        30     1   2  2  
 3 Ryan Spooner             Peter Cehlarik           Barclay Goodrow          20     1   2  2  
 4 Nico Sturm               Jesper Bratt             Tyler Shattock           10     1   2  2  

5 vs 5 Defense 
   Defense                  Defense                                           Time % Phy DF OF 
 1 Mathieu Brodeur          Greg Pateryn                                      40     1   2  2  
 2 Rasmus Andersson         Frank Corrado                                     30     1   2  2  
 3 John Gilmour             Petteri Lindbohm                                  20     1   2  2  
 4 Mathieu Brodeur          Greg Pateryn                                      10     1   2  2  

PowerPlay Forward 
   Center                   Left Wing                Right Wing               Time % Phy DF OF 
 1 Victor Rask              Matthew Nieto            Kevin Labanc             60     1   2  2  
 2 Philip Varone            Jake DeBrusk             Evgeny Svechnikov        40     1   2  2  

PowerPlay Defense
   Defense                  Defense                                           Time % Phy DF OF 
 1 Mathieu Brodeur          Greg Pateryn                                      60     1   2  2  
 2 Rasmus Andersson         Frank Corrado                                     40     1   2  2  

Penalty Kill 4 Players Forward 
   Center                   Wing                     Time % Phy DF OF 
 1 Philip Varone            Kevin Labanc             60     1   2  2  
 2 Nico Sturm               Jake DeBrusk             40     1   2  2  

Penalty Kill 4 Players Defense
   Defense                  Defense                  Time % Phy DF OF 
 1 Mathieu Brodeur          Greg Pateryn             60     1   2  2  
 2 Rasmus Andersson         Frank Corrado            40     1   2  2  

Penalty Kill - 3 Players Forward 
   Forward                                           Time % Phy DF OF 
 1 Philip Varone                                     60     1   2  2  
 2 Nico Sturm                                        40     1   2  2  

Penalty Kill - 3 Players Defense
   Defense                  Defense                  Time % Phy DF OF 
 1 Mathieu Brodeur          Greg Pateryn             60     1   2  2  
 2 Rasmus Andersson         Frank Corrado            40     1   2  2  

4 vs 4 Forward 
   Center                   Wing                     Time % Phy DF OF 
 1 Victor Rask              Kevin Labanc             60     1   2  2  
 2 Philip Varone            Matthew Nieto            40     1   2  2  

4 vs 4 Defense
   Defense                  Defense                  Time % Phy DF OF 
 1 Mathieu Brodeur          Greg Pateryn             60     1   2  2  
 2 Rasmus Andersson         Frank Corrado            40     1   2  2  

Last Minutes Offensive
   Center                   Left Wing                Right Wing               Defense                  Defense                  
   Victor Rask              Matthew Nieto            Kevin Labanc             Mathieu Brodeur          Greg Pateryn             

Last Minutes Defensive
   Center                   Left Wing                Right Wing               Defense                  Defense                  
   Victor Rask              Matthew Nieto            Kevin Labanc             Mathieu Brodeur          Greg Pateryn             

Goaltenders
Starting : Michael Hutchinson       
Backup : Nathan Lieuwen           

Extra Forwards
Normal : Ryan Spooner, Nico Sturm, Peter Cehlarik - PP : Ryan Spooner, Nico Sturm - PK : Peter Cehlarik
Extra Defensemen
Normal : John Gilmour, Petteri Lindbohm, Rasmus Andersson - PP : John Gilmour - PK : Petteri Lindbohm, Rasmus Andersson
Penalty Shots
Matthew Nieto, Kevin Labanc, Jake DeBrusk, Victor Rask, Evgeny Svechnikov

Scratches
Alexander True (Healthy), Brandon Hickey (Healthy), Chris Brown (Healthy), Christian Jaros (Healthy), Dominik Masin (Healthy)
Eric Karlsson (Healthy), Ryan Donato (Healthy), Trevor Carrick (Healthy), Vladislav Kamenev (Healthy), Tage Thompson (Healthy)
Radim Zohorna (Healthy), Vitek Vanecek (Healthy), Collin Delia (Healthy)

% Time on Ice - Phantoms

Lines # - Real PCT - Wanted PCT - Time Play
Normal Forward
1 - 25% - 40% - 9:44
2 - 31% - 35% - 12:00
3 - 27% - 15% - 10:24
4 - 16% - 10% - 6:09
Normal Defense
1 - 43% - 40% - 16:35
2 - 32% - 30% - 12:26
3 - 23% - 20% - 8:53
4 - 1% - 10% - 0:23
PP Forward
1 - 60% - 60% - 4:52
2 - 40% - 40% - 3:18
PP Defense
1 - 64% - 60% - 5:13
2 - 36% - 40% - 2:57
PK Forward
1 - 68% - 60% - 8:57
2 - 32% - 40% - 4:07
PK Defense
1 - 52% - 60% - 6:51
2 - 48% - 40% - 6:13
PK3 Forward
1 - 100% - 60% - 0:03
2 - 0% - 40% - 0:00
PK3 Defense
1 - 100% - 60% - 0:03
2 - 0% - 40% - 0:00
44 Forward
1 - 0% - 60%
2 - 0% - 40%
44 Defense
1 - 0% - 60%
2 - 0% - 40%
Last Minute Offensive  - 0:00
Last Minute Defensive  - 0:26
Total
Forward - 60:00
Defense - 60:00

% Time on Ice - Heat

Lines # - Real PCT - Wanted PCT - Time Play
Normal Forward
1 - 30% - 40% - 11:33
2 - 22% - 30% - 8:26
3 - 30% - 20% - 11:24
4 - 18% - 10% - 6:56
Normal Defense
1 - 43% - 40% - 16:23
2 - 33% - 30% - 12:28
3 - 24% - 20% - 9:10
4 - 1% - 10% - 0:18
PP Forward
1 - 52% - 60% - 6:48
2 - 48% - 40% - 6:19
PP Defense
1 - 59% - 60% - 7:43
2 - 41% - 40% - 5:24
PK Forward
1 - 69% - 60% - 5:36
2 - 31% - 40% - 2:34
PK Defense
1 - 64% - 60% - 5:16
2 - 36% - 40% - 2:54
PK3 Forward
1 - 0% - 60%
2 - 0% - 40%
PK3 Defense
1 - 0% - 60%
2 - 0% - 40%
44 Forward
1 - 0% - 60%
2 - 0% - 40%
44 Defense
1 - 0% - 60%
2 - 0% - 40%
Last Minute Offensive  - 0:24
Last Minute Defensive  - 0:00
Total
Forward - 60:00
Defense - 60:00

Play-by-Play

1st period


0:01 of 1st period - Calle Jarnkrok wins face-off versus Victor Rask in neutral zone.
0:34 of 1st period - Slapshot by Philip Varone.
0:34 of 1st period - Shot Misses the Net.
0:36 of 1st period - Wrist shot by Philip Varone.
0:36 of 1st period - Shot Misses the Net.
0:48 of 1st period - Rasmus Andersson is hit by Devon Teows and loses puck.
1:01 of 1st period - Wrist shot by Morgan Klimchuk.
1:01 of 1st period - Shot Misses the Net.
1:06 of 1st period - Icing by Peter Cehlarik.
1:07 of 1st period - Ryan Spooner wins face-off versus Calle Jarnkrok in Heat zone.
2:34 of 1st period - Snap shot by Barclay Goodrow.
2:34 of 1st period - Shot Blocked by Devon Teows.
2:36 of 1st period - Snap shot by Barclay Goodrow.
2:36 of 1st period - Stopped by Anton Forsberg without a rebound.
2:37 of 1st period - Nick Shore wins face-off versus Victor Rask in Phantoms zone.
3:09 of 1st period - Icing by Nico Sturm.
3:10 of 1st period - Nico Sturm wins face-off versus Michael Bournival in Heat zone.
3:26 of 1st period - Wrist shot by Calle Jarnkrok.
3:26 of 1st period - Deflect By Travis Konecny.
3:26 of 1st period - Goal by Travis Konecny - Phantoms : 1 - Heat : 0.
3:27 of 1st period - Victor Rask wins face-off versus Calle Jarnkrok in neutral zone.
3:35 of 1st period - Snap shot by Kevin Labanc.
3:35 of 1st period - Shot Misses the Net.
3:37 of 1st period - Slapshot by Mathieu Brodeur.
3:37 of 1st period - Shot Misses the Net.
3:39 of 1st period - Slapshot by Victor Rask.
3:39 of 1st period - Stopped by Anton Forsberg without a rebound.
3:40 of 1st period - Philip Varone wins face-off versus Lucas Wallmarkk in Phantoms zone.
3:41 of 1st period - Snap shot by Jake DeBrusk.
3:41 of 1st period - Goal by Jake DeBrusk - Phantoms : 1 - Heat : 1.
3:42 of 1st period - Calle Jarnkrok wins face-off versus Philip Varone in neutral zone.
3:44 of 1st period - Minor Penalty to Jake Dotchin for Hooking.
3:45 of 1st period - Victor Rask wins face-off versus Calle Jarnkrok in Phantoms zone.
4:32 of 1st period - Icing by Victor Rask.
4:33 of 1st period - Calle Jarnkrok wins face-off versus Victor Rask in Heat zone.
5:44 of 1st period - Penalty to Jake Dotchin is over, Jake Dotchin is back on ice.
6:19 of 1st period - Victor Rask is hit by Morgan Klimchuk and loses puck.
6:53 of 1st period - Greg Pateryn is hit by Calle Jarnkrok and loses puck.
7:06 of 1st period - Minor Penalty to Tyler Shattock for Slashing.
7:07 of 1st period - Calle Jarnkrok wins face-off versus Philip Varone in Heat zone.
8:50 of 1st period - Michael Bournival is hit by Peter Cehlarik and loses puck.
9:06 of 1st period - Penalty to Tyler Shattock is over, Tyler Shattock is back on ice.
9:21 of 1st period - Snap shot by Ryan Spooner.
9:21 of 1st period - Stopped by Anton Forsberg with a rebound.
9:23 of 1st period - Snap shot by Ryan Spooner.
9:23 of 1st period - Stopped by Anton Forsberg with a rebound.
10:29 of 1st period - Off-side.
10:30 of 1st period - Calle Jarnkrok wins face-off versus Philip Varone in neutral zone.
10:41 of 1st period - Snap shot by Calle Jarnkrok.
10:41 of 1st period - Stopped by Michael Hutchinson without a rebound.
10:42 of 1st period - Matthew Nieto wins face-off versus Nick Shore in Heat zone.
11:09 of 1st period - Wrist shot by Michael Bournival.
11:09 of 1st period - Stopped by Michael Hutchinson with a rebound.
11:19 of 1st period - Wrist shot by Philip Varone.
11:19 of 1st period - Stopped by Anton Forsberg without a rebound.
11:20 of 1st period - Nick Shore wins face-off versus Evgeny Svechnikov in Phantoms zone.
11:20 of 1st period - Nick Shore is hit by Jake DeBrusk.
11:26 of 1st period - Wrist shot by Nick Shore.
11:26 of 1st period - Stopped by Michael Hutchinson without a rebound.
11:27 of 1st period - Philip Varone wins face-off versus Nick Shore in Heat zone.
11:29 of 1st period - Minor Penalty to Frank Corrado for Hooking.
11:30 of 1st period - Philip Varone wins face-off versus Travis Konecny in Heat zone.
11:30 of 1st period - Philip Varone is hit by Calle Jarnkrok.
12:53 of 1st period - Mathieu Brodeur is hit by Jake Dotchin and loses puck.
13:29 of 1st period - Penalty to Frank Corrado is over, Frank Corrado is back on ice.
14:02 of 1st period - Slapshot by Nico Sturm.
14:02 of 1st period - Deflect By Jesper Bratt.
14:02 of 1st period - Stopped by Anton Forsberg with a rebound.
14:04 of 1st period - Wrist shot by Tyler Shattock.
14:04 of 1st period - Stopped by Anton Forsberg with a rebound.
14:06 of 1st period - Slapshot by Rasmus Andersson.
14:06 of 1st period - Stopped by Anton Forsberg with a rebound.
14:08 of 1st period - Wrist shot by Nico Sturm.
14:08 of 1st period - Shot Misses the Net.
14:10 of 1st period - Wrist shot by Tyler Shattock.
14:10 of 1st period - Stopped by Anton Forsberg without a rebound.
14:11 of 1st period - Cristoval Nieves wins face-off versus Philip Varone in Phantoms zone.
14:47 of 1st period - Minor Penalty to Nick Shore for Holding.
14:48 of 1st period - Victor Rask wins face-off versus Calle Jarnkrok in Phantoms zone.
14:57 of 1st period - Slapshot by Kevin Labanc.
14:57 of 1st period - Shot Misses the Net.
14:59 of 1st period - Slapshot by Greg Pateryn.
14:59 of 1st period - Shot Blocked by Devon Teows.
15:17 of 1st period - Calle Jarnkrok is hit by Philip Varone and loses puck.
15:38 of 1st period - Off-side.
15:39 of 1st period - Matthew Nieto wins face-off versus Anthony Angello in neutral zone.
16:47 of 1st period - Penalty to Nick Shore is over, Nick Shore is back on ice.
16:47 of 1st period - Icing by Blake Heinrich.
16:48 of 1st period - Victor Rask wins face-off versus Anthony Angello in Phantoms zone.
16:49 of 1st period - Snap shot by Matthew Nieto.
16:49 of 1st period - Stopped by Anton Forsberg with a rebound.
16:51 of 1st period - Wrist shot by Ryan Spooner.
16:51 of 1st period - Deflect By Nick Shore.
16:51 of 1st period - Stopped by Anton Forsberg without a rebound.
16:52 of 1st period - Calle Jarnkrok wins face-off versus Ryan Spooner in Phantoms zone.
16:52 of 1st period - Calle Jarnkrok is hit by Barclay Goodrow.
17:18 of 1st period - Matthew Nieto is hit by Nick Shore and loses puck.
17:37 of 1st period - Snap shot by Ivan Provorov.
17:37 of 1st period - Shot Blocked by Petteri Lindbohm.
17:39 of 1st period - Wrist shot by Nick Sorensen.
17:39 of 1st period - Stopped by Michael Hutchinson without a rebound.
17:40 of 1st period - Philip Varone wins face-off versus Cristoval Nieves in Heat zone.
17:47 of 1st period - Slapshot by Jake DeBrusk.
17:47 of 1st period - Stopped by Anton Forsberg with a rebound.
17:49 of 1st period - Snap shot by Jake DeBrusk.
17:49 of 1st period - Shot Blocked by Devon Teows.
17:51 of 1st period - Slapshot by Greg Pateryn.
17:51 of 1st period - Shot Blocked by Blake Heinrich.
17:53 of 1st period - Snap shot by Philip Varone.
17:53 of 1st period - Shot Blocked by Devon Teows.
17:55 of 1st period - Slapshot by Greg Pateryn.
17:55 of 1st period - Deflect By Evgeny Svechnikov.
17:55 of 1st period - Stopped by Anton Forsberg with a rebound.
18:17 of 1st period - Snap shot by Philip Varone.
18:17 of 1st period - Shot Blocked by Morgan Klimchuk.
18:19 of 1st period - Slapshot by Frank Corrado.
18:19 of 1st period - Stopped by Anton Forsberg with a rebound.
18:21 of 1st period - Wrist shot by Frank Corrado.
18:21 of 1st period - Deflect By Evgeny Svechnikov.
18:21 of 1st period - Stopped by Anton Forsberg without a rebound.
18:22 of 1st period - Calle Jarnkrok wins face-off versus Victor Rask in Phantoms zone.
Goals for this period are 1 for Phantoms vs 1 for Heat.
Shots for this period are 5 for Phantoms vs 16 for Heat.

2nd period


0:01 of 2nd period - Victor Rask wins face-off versus Calle Jarnkrok in neutral zone.
0:08 of 2nd period - Wrist shot by Matthew Nieto.
0:08 of 2nd period - Shot Misses the Net.
0:10 of 2nd period - Snap shot by Kevin Labanc.
0:10 of 2nd period - Goal by Kevin Labanc - Phantoms : 1 - Heat : 2.
0:11 of 2nd period - Matthew Nieto wins face-off versus Calle Jarnkrok in neutral zone.
0:14 of 2nd period - Wrist shot by Matthew Nieto.
0:14 of 2nd period - Stopped by Anton Forsberg without a rebound.
0:15 of 2nd period - Victor Rask wins face-off versus Calle Jarnkrok in Phantoms zone.
0:34 of 2nd period - Calle Jarnkrok is hit by Matthew Nieto and loses puck.
1:08 of 2nd period - Minor Penalty to Jake Dotchin for Interference.
1:09 of 2nd period - Philip Varone wins face-off versus Calle Jarnkrok in Phantoms zone.
2:12 of 2nd period - Off-side.
2:13 of 2nd period - Nick Shore wins face-off versus Philip Varone in neutral zone.
3:08 of 2nd period - Penalty to Jake Dotchin is over, Jake Dotchin is back on ice.
4:10 of 2nd period - Kevin Labanc is hit by Nick Shore and loses puck.
4:18 of 2nd period - Minor Penalty to Victor Rask for Hooking.
4:19 of 2nd period - Philip Varone wins face-off versus Calle Jarnkrok in Heat zone.
4:29 of 2nd period - Snap shot by Michael Bournival.
4:29 of 2nd period - Stopped by Michael Hutchinson without a rebound.
4:30 of 2nd period - Calle Jarnkrok wins face-off versus Philip Varone in Heat zone.
4:31 of 2nd period - Wrist shot by Travis Konecny.
4:31 of 2nd period - Stopped by Michael Hutchinson with a rebound.
4:33 of 2nd period - Snap shot by Travis Konecny.
4:33 of 2nd period - Shot Blocked by Greg Pateryn.
4:35 of 2nd period - Snap shot by Travis Konecny.
4:35 of 2nd period - Stopped by Michael Hutchinson with a rebound.
4:37 of 2nd period - Slapshot by Ivan Provorov.
4:37 of 2nd period - Deflect By Michael Bournival.
4:37 of 2nd period - Stopped by Michael Hutchinson with a rebound.
4:39 of 2nd period - Snap shot by Calle Jarnkrok.
4:39 of 2nd period - Stopped by Michael Hutchinson without a rebound.
4:40 of 2nd period - Calle Jarnkrok wins face-off versus Philip Varone in Heat zone.
5:09 of 2nd period - Slapshot by Michael Bournival.
5:09 of 2nd period - Stopped by Michael Hutchinson with a rebound.
5:33 of 2nd period - Wrist shot by Nick Shore.
5:33 of 2nd period - Shot Blocked by Rasmus Andersson.
5:35 of 2nd period - Snap shot by Alex DeBrincat.
5:35 of 2nd period - Deflect By Nick Shore.
5:35 of 2nd period - Shot Misses the Net.
5:35 of 2nd period - Puck is out of play.
5:36 of 2nd period - Nick Shore wins face-off versus Nico Sturm in Heat zone.
5:51 of 2nd period - Wrist shot by Nick Shore.
5:51 of 2nd period - Stopped by Michael Hutchinson with a rebound.
6:07 of 2nd period - Mathieu Brodeur is hit by Sven Andrighetto and loses puck.
6:18 of 2nd period - Penalty to Victor Rask is over, Victor Rask is back on ice.
6:36 of 2nd period - Petteri Lindbohm is hit by Morgan Klimchuk.
6:50 of 2nd period - Snap shot by Barclay Goodrow.
6:50 of 2nd period - Shot Blocked by Rinat Valiev.
7:02 of 2nd period - Wrist shot by Nico Sturm.
7:02 of 2nd period - Deflect By Travis Konecny.
7:02 of 2nd period - Shot Misses the Net.
7:02 of 2nd period - Puck is out of play.
7:03 of 2nd period - Victor Rask wins face-off versus Erik Nystrom in Phantoms zone.
7:34 of 2nd period - Slapshot by Philip Varone.
7:34 of 2nd period - Shot Misses the Net.
7:50 of 2nd period - Blake Heinrich is hit by Barclay Goodrow.
7:56 of 2nd period - Mathieu Brodeur is hit by Rinat Valiev and loses puck.
8:07 of 2nd period - Cristoval Nieves is hit by Nico Sturm and loses puck.
8:34 of 2nd period - Snap shot by Philip Varone.
8:34 of 2nd period - Stopped by Anton Forsberg with a rebound.
8:36 of 2nd period - Slapshot by Mathieu Brodeur.
8:36 of 2nd period - Stopped by Anton Forsberg without a rebound.
8:37 of 2nd period - Victor Rask wins face-off versus Calle Jarnkrok in Phantoms zone.
8:42 of 2nd period - Slapshot by Matthew Nieto.
8:42 of 2nd period - Stopped by Anton Forsberg without a rebound.
8:43 of 2nd period - Calle Jarnkrok wins face-off versus Matthew Nieto in Phantoms zone.
8:48 of 2nd period - Snap shot by Calle Jarnkrok.
8:48 of 2nd period - Shot Misses the Net.
9:10 of 2nd period - Slapshot by Rasmus Andersson.
9:10 of 2nd period - Stopped by Anton Forsberg with a rebound.
10:12 of 2nd period - Petteri Lindbohm is hit by Alex DeBrincat and loses puck.
10:31 of 2nd period - Mathieu Brodeur is hit by Morgan Klimchuk and loses puck.
11:07 of 2nd period - Devon Teows is hit by Mathieu Brodeur and loses puck.
11:42 of 2nd period - Icing by Mikko Lehtonen.
11:43 of 2nd period - Alex DeBrincat wins face-off versus Nico Sturm in Phantoms zone.
11:58 of 2nd period - Snap shot by Alex DeBrincat.
11:58 of 2nd period - Stopped by Michael Hutchinson with a rebound.
12:14 of 2nd period - Wrist shot by Kevin Labanc.
12:14 of 2nd period - Shot Blocked by Ivan Provorov.
12:16 of 2nd period - Wrist shot by Matthew Nieto.
12:16 of 2nd period - Shot Misses the Net.
12:25 of 2nd period - Icing by Ivan Provorov.
12:26 of 2nd period - Cristoval Nieves wins face-off versus Philip Varone in Phantoms zone.
13:31 of 2nd period - Snap shot by Travis Konecny.
13:31 of 2nd period - Stopped by Michael Hutchinson with a rebound.
13:54 of 2nd period - Wrist shot by Alex DeBrincat.
13:54 of 2nd period - Shot Blocked by Nico Sturm.
14:05 of 2nd period - Off-side.
14:06 of 2nd period - Victor Rask wins face-off versus Cristoval Nieves in neutral zone.
14:11 of 2nd period - Slapshot by Mathieu Brodeur.
14:11 of 2nd period - Shot Blocked by Rinat Valiev.
14:33 of 2nd period - Greg Pateryn is hit by Nick Shore and loses puck.
15:16 of 2nd period - Backhand shot by Cristoval Nieves.
15:16 of 2nd period - Deflect By Tyler Shattock.
15:16 of 2nd period - Stopped by Michael Hutchinson with a rebound.
15:35 of 2nd period - Sven Andrighetto is hit by Kevin Labanc and loses puck.
15:50 of 2nd period - Minor Penalty to Nick Shore for Hooking.
15:51 of 2nd period - Victor Rask wins face-off versus Calle Jarnkrok in Phantoms zone.
15:58 of 2nd period - Wrist shot by Kevin Labanc.
15:58 of 2nd period - Stopped by Anton Forsberg with a rebound.
16:16 of 2nd period - Ivan Provorov is hit by Evgeny Svechnikov and loses puck.
16:39 of 2nd period - Slapshot by Devon Teows.
16:39 of 2nd period - Deflect By Alex DeBrincat.
16:39 of 2nd period - Stopped by Michael Hutchinson without a rebound.
16:40 of 2nd period - Philip Varone wins face-off versus Anthony Angello in Heat zone.
16:50 of 2nd period - Minor Penalty to Anthony Angello for Hooking.
16:51 of 2nd period - Victor Rask wins face-off versus Calle Jarnkrok in Phantoms zone.
16:51 of 2nd period - Slapshot by Kevin Labanc.
16:51 of 2nd period - Shot Misses the Net.
16:53 of 2nd period - Snap shot by Matthew Nieto.
16:53 of 2nd period - Goal by Matthew Nieto - Phantoms : 1 - Heat : 3.
16:54 of 2nd period - Calle Jarnkrok wins face-off versus Victor Rask in neutral zone.
16:57 of 2nd period - Snap shot by Jake Dotchin.
16:57 of 2nd period - Shot Misses the Net.
17:01 of 2nd period - Slapshot by Michael Bournival.
17:01 of 2nd period - Shot Misses the Net.
17:03 of 2nd period - Wrist shot by Calle Jarnkrok.
17:03 of 2nd period - Shot Misses the Net.
17:05 of 2nd period - Slapshot by Ivan Provorov.
17:05 of 2nd period - Shot Misses the Net.
17:07 of 2nd period - Snap shot by Ivan Provorov.
17:07 of 2nd period - Stopped by Michael Hutchinson with a rebound.
17:09 of 2nd period - Slapshot by Jake Dotchin.
17:09 of 2nd period - Shot Blocked by Mathieu Brodeur.
18:02 of 2nd period - Philip Varone is hit by Devon Teows and loses puck.
18:43 of 2nd period - Jake DeBrusk is hit by Nick Shore and loses puck.
18:50 of 2nd period - Penalty to Anthony Angello is over, Anthony Angello is back on ice.
19:49 of 2nd period - Snap shot by Calle Jarnkrok.
19:49 of 2nd period - Shot Misses the Net.
Goals for this period are 0 for Phantoms vs 2 for Heat.
Shots for this period are 12 for Phantoms vs 8 for Heat.

3rd period


0:01 of 3rd period - Calle Jarnkrok wins face-off versus Matthew Nieto in neutral zone.
0:10 of 3rd period - Wrist shot by Travis Konecny.
0:10 of 3rd period - Goal by Travis Konecny - Phantoms : 2 - Heat : 3.
0:11 of 3rd period - Victor Rask wins face-off versus Calle Jarnkrok in neutral zone.
0:43 of 3rd period - Slapshot by Philip Varone.
0:43 of 3rd period - Stopped by Anton Forsberg with a rebound.
1:00 of 3rd period - Minor Penalty to Ivan Provorov for Holding.
1:01 of 3rd period - Calle Jarnkrok wins face-off versus Victor Rask in Phantoms zone.
1:12 of 3rd period - Wrist shot by Kevin Labanc.
1:12 of 3rd period - Goal by Kevin Labanc - Phantoms : 2 - Heat : 4.
1:13 of 3rd period - Victor Rask wins face-off versus Calle Jarnkrok in neutral zone.
1:28 of 3rd period - Snap shot by Kevin Labanc.
1:28 of 3rd period - Stopped by Anton Forsberg with a rebound.
2:05 of 3rd period - Rasmus Andersson is hit by Travis Konecny.
2:30 of 3rd period - Snap shot by Morgan Klimchuk.
2:30 of 3rd period - Deflect By Nick Sorensen.
2:30 of 3rd period - Stopped by Michael Hutchinson with a rebound.
2:40 of 3rd period - Matthew Nieto is hit by Sven Andrighetto and loses puck.
2:49 of 3rd period - Backhand shot by Victor Rask.
2:49 of 3rd period - Shot Blocked by Blake Heinrich.
3:05 of 3rd period - Calle Jarnkrok is hit by Evgeny Svechnikov and loses puck.
3:29 of 3rd period - Rinat Valiev is hit by Greg Pateryn and loses puck.
3:42 of 3rd period - Wrist shot by Alex DeBrincat.
3:42 of 3rd period - Deflect By Nick Shore.
3:42 of 3rd period - Goal by Nick Shore - Phantoms : 3 - Heat : 4.
3:43 of 3rd period - Victor Rask wins face-off versus Calle Jarnkrok in neutral zone.
3:57 of 3rd period - Slapshot by Kevin Labanc.
3:57 of 3rd period - Stopped by Anton Forsberg without a rebound.
3:58 of 3rd period - Philip Varone wins face-off versus Nick Shore in Phantoms zone.
4:42 of 3rd period - Backhand shot by Morgan Klimchuk.
4:42 of 3rd period - Shot Misses the Net.
5:11 of 3rd period - Mikko Lehtonen is hit by Tyler Shattock and loses puck.
5:28 of 3rd period - Ivan Provorov is hit by Jake DeBrusk and loses puck.
6:26 of 3rd period - Double Minor Penalty to Blake Heinrich for Roughing.
6:27 of 3rd period - Victor Rask wins face-off versus Calle Jarnkrok in Phantoms zone.
7:03 of 3rd period - Slapshot by Evgeny Svechnikov.
7:03 of 3rd period - Shot Misses the Net.
7:13 of 3rd period - Rinat Valiev is hit by Mathieu Brodeur and loses puck.
8:44 of 3rd period - Devon Teows is hit by Philip Varone.
9:12 of 3rd period - Erik Nystrom is hit by Ryan Spooner and loses puck.
10:26 of 3rd period - Penalty to Blake Heinrich is over, Blake Heinrich is back on ice.
10:36 of 3rd period - Wrist shot by Alex DeBrincat.
10:36 of 3rd period - Stopped by Michael Hutchinson with a rebound.
11:00 of 3rd period - Wrist shot by Jesper Bratt.
11:00 of 3rd period - Stopped by Anton Forsberg without a rebound.
11:01 of 3rd period - Ryan Spooner wins face-off versus Lucas Wallmarkk in Phantoms zone.
11:15 of 3rd period - Erik Nystrom is hit by Barclay Goodrow and loses puck.
11:47 of 3rd period - Wrist shot by Travis Konecny.
11:47 of 3rd period - Stopped by Michael Hutchinson with a rebound.
11:49 of 3rd period - Slapshot by Mikko Lehtonen.
11:49 of 3rd period - Shot Misses the Net.
11:51 of 3rd period - Slapshot by Travis Konecny.
11:51 of 3rd period - Shot Misses the Net.
12:09 of 3rd period - Barclay Goodrow is hit by Cristoval Nieves and loses puck.
12:22 of 3rd period - Snap shot by Nico Sturm.
12:22 of 3rd period - Stopped by Anton Forsberg with a rebound.
12:24 of 3rd period - Snap shot by Nico Sturm.
12:24 of 3rd period - Shot Blocked by Jake Dotchin.
12:51 of 3rd period - Icing by Frank Corrado.
12:52 of 3rd period - Cristoval Nieves wins face-off versus Philip Varone in Heat zone.
12:55 of 3rd period - Slapshot by Cristoval Nieves.
12:55 of 3rd period - Shot Misses the Net.
13:07 of 3rd period - Wrist shot by Philip Varone.
13:07 of 3rd period - Shot Misses the Net.
13:09 of 3rd period - Slapshot by Rasmus Andersson.
13:09 of 3rd period - Stopped by Anton Forsberg with a rebound.
13:11 of 3rd period - Wrist shot by Evgeny Svechnikov.
13:11 of 3rd period - Shot Misses the Net.
13:13 of 3rd period - Snap shot by Jake DeBrusk.
13:13 of 3rd period - Stopped by Anton Forsberg without a rebound.
13:14 of 3rd period - Victor Rask wins face-off versus Calle Jarnkrok in Phantoms zone.
13:56 of 3rd period - Minor Penalty to Barclay Goodrow for Cross-checking.
13:57 of 3rd period - Calle Jarnkrok wins face-off versus Philip Varone in Heat zone.
15:56 of 3rd period - Penalty to Barclay Goodrow is over, Barclay Goodrow is back on ice.
16:10 of 3rd period - Slapshot by Ryan Spooner.
16:10 of 3rd period - Shot Blocked by Mikko Lehtonen.
17:05 of 3rd period - Icing by Mikko Lehtonen.
17:06 of 3rd period - Calle Jarnkrok wins face-off versus Philip Varone in Phantoms zone.
17:44 of 3rd period - Slapshot by Jake Dotchin.
17:44 of 3rd period - Shot Misses the Net.
17:46 of 3rd period - Slapshot by Cristoval Nieves.
17:46 of 3rd period - Goal by Cristoval Nieves - Phantoms : 4 - Heat : 4.
17:47 of 3rd period - Lucas Wallmarkk wins face-off versus Ryan Spooner in neutral zone.
17:51 of 3rd period - Jake Dotchin is hit by Greg Pateryn and loses puck.
17:57 of 3rd period - Off-side.
17:58 of 3rd period - Lucas Wallmarkk wins face-off versus Ryan Spooner in neutral zone.
18:03 of 3rd period - Snap shot by Travis Konecny.
18:03 of 3rd period - Stopped by Michael Hutchinson without a rebound.
18:04 of 3rd period - Lucas Wallmarkk wins face-off versus Ryan Spooner in Heat zone.
18:11 of 3rd period - Snap shot by Travis Konecny.
18:11 of 3rd period - Goal by Travis Konecny - Phantoms : 5 - Heat : 4.
18:12 of 3rd period - Ryan Spooner wins face-off versus Lucas Wallmarkk in neutral zone.
18:17 of 3rd period - Wrist shot by Lucas Wallmarkk.
18:17 of 3rd period - Shot Misses the Net.
18:19 of 3rd period - Snap shot by Travis Konecny.
18:19 of 3rd period - Stopped by Michael Hutchinson without a rebound.
18:20 of 3rd period - Barclay Goodrow wins face-off versus Lucas Wallmarkk in Heat zone.
18:28 of 3rd period - Mathieu Brodeur is hit by Ivan Provorov and loses puck.
18:45 of 3rd period - Heat, Michael Hutchinson is pulled from the net.
18:51 of 3rd period - Snap shot by Kevin Labanc.
18:51 of 3rd period - Deflect By Matthew Nieto.
18:51 of 3rd period - Stopped by Anton Forsberg without a rebound.
18:52 of 3rd period - Dan Bylsma call a timeout for Heat.
18:52 of 3rd period - Victor Rask wins face-off versus Calle Jarnkrok in Phantoms zone.
18:53 of 3rd period - Slapshot by Kevin Labanc.
18:53 of 3rd period - Stopped by Anton Forsberg without a rebound.
18:54 of 3rd period - Victor Rask wins face-off versus Calle Jarnkrok in Phantoms zone.
19:03 of 3rd period - Snap shot by Travis Konecny.
19:03 of 3rd period - Goal by Travis Konecny - Phantoms : 6 - Heat : 4.
19:03 of 3rd period - Michael Hutchinson from Heat was sent back in the game.
19:04 of 3rd period - Ryan Spooner wins face-off versus Lucas Wallmarkk in neutral zone.
19:07 of 3rd period - Wrist shot by Peter Cehlarik.
19:07 of 3rd period - Shot Misses the Net.
19:10 of 3rd period - Icing by Ivan Provorov.
19:11 of 3rd period - Ryan Spooner wins face-off versus Lucas Wallmarkk in Phantoms zone.
19:15 of 3rd period - Icing by Jake Dotchin.
19:16 of 3rd period - Lucas Wallmarkk wins face-off versus Ryan Spooner in Phantoms zone.
19:16 of 3rd period - Lucas Wallmarkk is hit by Barclay Goodrow.
19:31 of 3rd period - Penalty Shot by Mathieu Brodeur for Heat.
19:31 of 3rd period - Backhand shot by Mathieu Brodeur.
19:31 of 3rd period - Goal by Mathieu Brodeur - Phantoms : 6 - Heat : 5.
19:32 of 3rd period - Calle Jarnkrok wins face-off versus Victor Rask in neutral zone.
19:33 of 3rd period - Michael Bournival wins face-off versus Victor Rask in Heat zone.
19:43 of 3rd period - Slapshot by Travis Konecny.
19:43 of 3rd period - Shot Blocked by Kevin Labanc.
19:45 of 3rd period - Minor Penalty to Victor Rask for Roughing.
19:46 of 3rd period - Philip Varone wins face-off versus Calle Jarnkrok in Heat zone.
19:48 of 3rd period - Kevin Labanc is hit by Travis Konecny and loses puck.
19:52 of 3rd period - Off-side.
19:53 of 3rd period - Calle Jarnkrok wins face-off versus Philip Varone in neutral zone.
Goals for this period are 5 for Phantoms vs 2 for Heat.
Shots for this period are 10 for Phantoms vs 10 for Heat. Output by the SimonT Hockey Simulator (STHS) for Francois Prevost - Original Page W3C HTML5 Valid
Hockey Simulator - Hockey Simulation - Hockey Manager